 Dungeon Crawl Stone Soup version 0.21.1-1-g345015fe64 (webtiles) character file.

1578 Lavandula the Cleaver (level 8, -2/67 HPs)
             Began as a Centaur Berserker on June 17, 2018.
             Was a Priest of Trog.
             Slain by an ogre
             ... wielding a cursed -1 giant club
              (12 damage)
             ... on level 9 of the Dungeon.
             The game lasted 00:15:08 (2757 turns).

Lavandula the Cleaver (Centaur Berserker)           Turns: 2757, Time: 00:15:08

Health: -2/67      AC:  6    Str: 21    XL:     8   Next: 60%
Magic:  11/11      EV:  9    Int:  6    God:    Trog [***...]
Gold:   298        SH:  0    Dex: 10    Spells: 7/7 levels left

rFire    . . .     SeeInvis .   a - +1 hand axe
rCold    . . .     Gourm    .   (no shield)
rNeg     . . .     Faith    .   t - +0 troll leather armour {Purgy}
rPois    .         Spirit   .   i - +0 helmet
rElec    .         Reflect  .   (no cloak)
rCorr    .         Harm     .   (no gloves)
MR       ++...                  (no barding)
Stlth    ..........             (no amulet)
HPRegen  1.61/turn              (no ring)
MPRegen  0.12/turn              (no ring)

@: berserk cooldown, regenerating, very quick
A: large, hooves 3, deformed body, speed 2, tough skin 3
a: Berserk, Trog's Hand, Burn Spellbooks, Renounce Religion


You were on level 9 of the Dungeon.
You worshipped Trog.
Trog was most pleased with you.
You were not hungry.

You visited 1 branch of the dungeon, and saw 9 of its levels.
You also visited: Sewer.

You collected 298 gold pieces.

Inventory:

Hand Weapons
 a - a +1 hand axe (weapon)
Missiles
 m - 63 arrows
 q - 12 tomahawks (quivered)
Armour
 b - a +0 animal skin
 i - a +0 helmet (worn)
 t - a +0 troll leather armour (worn) {Purgy}
Wands
 o - a wand of iceblast (22)
 y - a wand of acid (13)
 z - a wand of random effects (35)
 B - a wand of disintegration (15)
Scrolls
 e - 3 scrolls of random uselessness
 f - 3 scrolls of remove curse
 h - 4 scrolls of enchant weapon
 k - a scroll of magic mapping {unknown}
 p - 5 scrolls of identify
 s - 2 scrolls of blinking
 u - 2 scrolls of fog {unknown}
 x - a scroll of teleportation
 D - a scroll of enchant armour {unknown}
Potions
 d - a potion of heal wounds {unknown}
 g - a potion of might {unknown}
 j - 3 potions of curing {unknown}
 l - a potion of mutation {unknown}
 n - 2 potions of lignification {unknown}
 r - a potion of agility {unknown}
 v - 2 potions of cancellation
 w - a potion of berserk rage {unknown}
 A - a potion of resistance {unknown}
 C - a potion of magic {unknown}
 E - a potion of brilliance {unknown}
Comestibles
 c - 7 rations


   Skills:
 - Level 4.5 Fighting
 - Level 8.4 Axes
 + Level 2.0 Throwing
 - Level 1.3 Armour
 - Level 1.4 Dodging
 - Level 4.5 Evocations


You had 7 spell levels left.
You didn't know any spells.

Dungeon Overview and Level Annotations

Branches:
Dungeon (9/15)             Temple (0/1) D:4
   Lair: D:8-11         Orc: D:9-12

Altars:
Cheibriados
Makhleb
Qazlal

Shops:
D:8 (


Innate Abilities, Weirdness & Mutations

You have hooves in place of feet.
Armour fits poorly on your strangely shaped body.
You cover ground very quickly.
You have extremely tough skin. (AC +3)


Message History

Okay, then.
As you read the scroll labeled VIURUFILIM, it crumbles to dust.
You feel strangely unstable.
It was a scroll of teleportation.
The wolf bites you.
Your skin crawls.
You feel resistant to hostile enchantments.
You feel somewhat more hungry. The wolf bites you.
The ogre hits you with a giant club!
* * * LOW HITPOINT WARNING * * *
The wolf completely misses you.
Unknown command.
It was a potion of cancellation.
You feel strangely stable.
Your magical effects are unravelling.
You feel magically purged.
You feel yourself speed up. The wolf bites you.
* * * LOW HITPOINT WARNING * * *
The wolf bites you but does no damage. The ogre hits you with a giant club!
You die...

...≈.h;≈≈≈.≈≈≈≈...#
#...≈.≈.≈≈.≈.....##
#...≈..;.≈.H......##
###.≈.....?≈..$
.....
..#............ ...
#.# #.!.### #.# #.#
#.....# #(#
#.####.....#######h#
#.O............O@hH#
######.....#########
.......># #########


You could see a hippogriff, an ogre, a wolf and a hound.

Vanquished Creatures
  Joseph (D:8)
  Purgy (Sewer)
  An ice beast (D:5)
  2 sky beasts
  An ogre (D:5)
  3 bullfrogs
  A wyvern zombie (D:9)
  A scorpion (D:5)
  2 crimson imps (D:8)
  A jelly (D:7)
  A quasit (D:5)
  A bullfrog skeleton (D:9)
  2 hounds
  Ijyb (D:3)
  2 iguanas (D:5)
  An orc wizard (D:6)
  A worker ant (D:6)
  A hound skeleton (D:5)
  A gnoll (D:2)
  5 adders
  3 shadow imps
  An ooze (D:6)
  An adder zombie (D:9)
  An adder skeleton (D:5)
  2 dart slugs
  7 leopard geckos
  13 orcs
  2 giant cockroaches
  6 goblins
  3 hobgoblins (D:1)
  2 jackals (D:1)
  A quokka (D:6)
  A ball python (D:5)
  2 bats
  8 frilled lizards
  A giant cockroach zombie (D:5)
  12 kobolds
  4 rats
100 creatures vanquished.

Notes
Turn   | Place    | Note
-------+----------+-------------------------------------------
     0 | D:1      | Lavandula the Centaur Berserker began the quest for the Orb.
     0 | D:1      | Reached XP level 1. HP: 19/19 MP: 1/1
    89 | D:2      | Reached skill level 3 in Axes
    89 | D:2      | Reached XP level 2. HP: 26/26 MP: 2/2
   327 | D:2      | HP: 1/26 [kobold (1)]
   430 | D:2      | Reached XP level 3. HP: 7/31 MP: 3/3
   602 | D:1      | Reached skill level 4 in Axes
   718 | D:2      | Reached ** piety under Trog
   783 | D:3      | Noticed Ijyb
   790 | D:3      | Killed Ijyb
   790 | D:3      | Reached XP level 4. HP: 35/38 MP: 4/4
   916 | D:3      | Found a glowing drain.
   925 | Sewer    | Entered a sewer
  1041 | Sewer    | Noticed Purgy
  1051 | Sewer    | Killed Purgy
  1051 | Sewer    | Reached skill level 5 in Axes
  1051 | Sewer    | Reached XP level 5. HP: 15/45 MP: 5/5
  1249 | D:4      | Found a staircase to the Ecumenical Temple.
  1355 | D:5      | Entered Level 5 of the Dungeon
  1364 | D:5      | Found a stormy altar of Qazlal.
  1383 | D:5      | Reached skill level 6 in Axes
  1383 | D:5      | Reached XP level 6. HP: 24/51 MP: 6/6
  1527 | D:5      | Noticed an ice beast
  1537 | D:5      | Killed an ice beast
  1689 | D:5      | Reached skill level 7 in Axes
  1841 | D:5      | Reached XP level 7. HP: 57/57 MP: 7/7
  1877 | D:6      | Reached *** piety under Trog
  1931 | D:6      | Reached skill level 8 in Axes
  1958 | D:6      | Found a snail-covered altar of Cheibriados.
  2080 | D:7      | Reached skill level 1 in Evocations
  2104 | D:8      | Found Xoyrasylu's Weapon Emporium.
  2333 | D:8      | Reached XP level 8. HP: 24/67 MP: 9/9
  2338 | D:8      | Noticed Joseph
  2361 | D:8      | Killed Joseph
  2581 | D:9      | Found a burning altar of Makhleb.
  2723 | D:9      | Noticed a hippogriff
  2743 | D:9      | Received a gift from Trog
  2743 | D:9      | Reached skill level 1 in Throwing
  2757 | D:9      | Slain by an ogre

Skill      XL: |  1  2  3  4  5  6  7  8 |
---------------+-------------------------+-----
Axes           | 3 4 5 6 7 8 |  8.4
Fighting       | 4 |  4.5
Evocations     | 2 4 |  4.5
Throwing       | 2 |  2.0
Armour         | |  1.3
Dodging        | |  1.4

Action                   |  1- 3 |  4- 6 |  7- 9 || total
-------------------------+-------+-------+-------++-------
Melee: Hand axe          |    87 |   108 |   101 ||   296
       Kick              |    14 |    28 |    24 ||    66
Throw: Tomahawk          |       |     1 |       ||     1
       Javelin           |       |       |     4 ||     4
Invok: Berserk           |     5 |     5 |     4 ||    14
       Trog's Hand       |       |     1 |     2 ||     3
  Use: Scroll            |     1 |     1 |     3 ||     5
       Potion            |       |       |     1 ||     1
  Eat: Chunk             |     3 |     7 |     5 ||    15
       Ration            |       |       |     1 ||     1
Armor: Animal skin       |    38 |    11 |       ||    49
       Troll leather arm |       |    29 |    41 ||    70
Dodge: Dodged            |    42 |    48 |    36 ||   126
